 Dungeon Crawl Stone Soup version 0.30-a0-739-gea05faddec (webtiles) character file.

Game seed: 10981515220784172289

774 kingofthe the Chopper (level 7, -24/60 HPs)
             Began as a Gnoll Chaos Knight on Feb 4, 2023.
             Was a Plaything of Xom.
             Killed by an exploding scorpion (31 damage)
             ... ignited by their inner flame
             ... on level 4 of the Dungeon.
             The game lasted 00:10:57 (3482 turns).

kingofthe the Chopper (Gnoll Chaos Knight)          Turns: 3482, Time: 00:10:58

Health: -24/60     AC:  6    Str: 11    XL:     7   Next: 84%
Magic:  11/11      EV: 12    Int: 11    God:    Xom [.....*]
Gold:   231        SH:  4    Dex: 12    Spells: 11/11 levels left

rFire   . . .      SeeInvis .    a - +0 hand axe (chaos)
rCold   + . .      Faith    .    l - +0 buckler
rNeg    . . .      Spirit   .    D - +2 leather armour {rC+}
rPois   .          Reflect  .    (no helmet)
rElec   .          Harm     .    (no cloak)
rCorr   .          Rampage  .    h - +0 pair of gloves
Will    .....                    (no boots)
Stlth   ++                       (no amulet)
HPRegen 0.30/turn                (no ring)
MPRegen 0.12/turn                (no ring)

@: lethally poisoned (-24 -> -25), unable to read
A: fangs 1, strong nose, distributed training, clumsy 1, inability to read after
injury 1
a: Renounce Religion


You were on level 4 of the Dungeon.
You worshipped Xom.
You were Xom's teddy bear.
You visited 1 branch of the dungeon, and saw 4 of its levels.

You collected 231 gold pieces.

Inventory:

Hand Weapons
 a - a +0 hand axe of chaos (weapon)
 b - a +0 sling
 m - a +0 antimagic whip
 q - a +0 heavy falchion
 v - a +0 trident
 y - a +3 mace
Armour
 h - a +0 pair of gloves (worn)
 j - a +0 ring mail
 l - a +0 buckler (worn)
 x - a +2 leather armour
 D - a +2 leather armour of cold resistance (worn)
Jewellery
 B - a ring of fire
Scrolls
 e - 3 scrolls of identify
 g - a scroll of torment
 i - a scroll of silence {unknown}
 k - 2 scrolls of immolation
 p - 2 scrolls of brand weapon {unknown}
 r - a scroll of amnesia {unknown}
 u - a scroll of fog {unknown}
 w - a scroll of poison {unknown}
 z - a scroll of teleportation {unknown}
 C - a scroll of blinking {unknown}
Potions
 d - a potion of degeneration {unknown}
 f - a potion of heal wounds {unknown}
 n - a potion of mutation {unknown}
 o - a potion of haste
 s - a potion of lignification {unknown}
 t - a potion of flight {unknown}
 A - a potion of curing
Miscellaneous
 c - a piece from Xom's chessboard (10/15) (quivered)


   Skills:
 + Level 7.2 Fighting
 + Level 2.8 Short Blades
 + Level 2.8 Long Blades
 + Level 7.2 Axes
 + Level 2.8 Maces & Flails
 + Level 2.8 Polearms
 + Level 2.8 Staves
 + Level 2.8 Ranged Weapons
 + Level 2.8 Throwing
 + Level 5.4 Armour
 + Level 3.9 Dodging
 + Level 2.8 Stealth
 + Level 2.8 Shields
 + Level 2.8 Unarmed Combat
 + Level 2.8 Spellcasting
 + Level 2.3 Conjurations
 + Level 2.3 Hexes
 + Level 2.3 Summonings
 + Level 2.3 Necromancy
 + Level 2.3 Translocations
 + Level 2.3 Transmutations
 + Level 2.3 Fire Magic
 + Level 2.3 Ice Magic
 + Level 2.3 Air Magic
 + Level 2.3 Earth Magic
 + Level 2.3 Poison Magic
 + Level 3.1 Invocations
 + Level 2.8 Evocations


You had 11 spell levels left.
You didn't know any spells.
Your spell library contained the following spells:

 Spells                   Type           Power      Damage    Failure   Level
 Cigotuvi's Dreadful Rot  Necr/Pois/Air  12%        N/A       26%         2
 Ensorcelled Hibernation  Hex/Ice        12%        N/A       26%         2
 Lesser Beckoning         Tloc           12%        N/A       26%         2
 Passwall                 Tmut/Erth      5%         N/A       26%         2
 Gell's Gravitas          Tloc           6%         N/A       45%         3
 Hailstorm                Conj/Ice       6%         3d4       45%         3
 Swiftness                Air            6%         N/A       45%         3
 Teleport Other           Tloc           6%         N/A       45%         3
 Dispel Undead            Necr           6%         3d8       86%         4
 Ice Form                 Ice/Tmut       6%         N/A       86%         4
 Death Channel            Necr           3%         N/A       100%        6
 Simulacrum               Ice/Necr       3%         N/A       100%        6


Dungeon Overview and Level Annotations

Branches:
Dungeon (4/15)
 Temple: D:4-7

Altars:
Fedhas
Uskayaw
Xom

Shops:
D:3 [


Innate Abilities, Weirdness & Mutations

You have very sharp teeth.
Your uncanny sense of smell can sniff out nearby items.
Your experience applies equally to all skills.
You are clumsy. (Dex -2)
You occasionally lose the ability to read scrolls when taking damage.


Message History

Okay, then.
You can't see anything.
Try to make a move anyway?
You make a move on Xom's chessboard...
Nothing appears to happen.
You feel sick. Something completely misses you.
Something stings you but does no damage.
You feel better. Something stings you.
You are poisoned.
Something poisons you!
You barely miss something.
You feel sick.
Something stings you but does no damage.
You completely miss something. You bite something.
You feel sick.
Something stings you but does no damage.
You closely miss something.
You feel sick.
A scorpion appears from thin air!
Reactivating autopickup.
The scorpion misses you.
You barely miss the scorpion.
The scorpion is lightly wounded.
You feel sick. The scorpion closely misses you. The scorpion stings you.
* * * LOW HITPOINT WARNING * * *
As you read the scroll labelled IMMOLA FEANUI, it crumbles to dust.
It is a scroll of identify.
o - a potion of haste You feel sick.
The scorpion closely misses you.
As you read the scroll labelled CUOTELE VYINUU, it crumbles to dust.
The creatures around you are filled with an inner flame!
It was a scroll of immolation.
You feel sick. You block the scorpion's attack.
As you read the scroll labelled TAMOABBUTA, it crumbles to dust.
Your body is wracked with pain!
* * * LOW HITPOINT WARNING * * *
The scorpion convulses!
Flame seeps out of the scorpion.
It was a scroll of torment.
Xom is highly amused!
You feel sick.
The scorpion is engulfed in blazing flames.
The scorpion explodes!
The fiery explosion engulfs you!!
You feel threatened and lose the ability to read scrolls!
Ouch! That really hurt!
You die...
Xom is highly amused!

###s .####....###.....
b^#.# #..#..#.......
.... #.##.###..#...
####P.####.#...##.###..
.bS)...##..##.##..##...
###).#.#^.##...........
#). #..P.##....#)...###
##.^.#§§.^#...#####...##
#..)P.○@†##.....# #.....
####.§§.##......###...##
#^^P...)#........##.....
#.^...^.##...#........#.
#P.^...#.#.#.###..##..##
##....# ##...###...##.##
##.^. #..............
#.^# ###............
##.### ##....#........


There were no monsters in sight!

Vanquished Creatures
  Eustachio (D:4)
  3 scorpions (D:4)
  A jelly (D:4)
  An orc priest (D:4)
  5 orc wizards
  An iguana (D:4)
  10 adders
  4 gnolls (D:2)
  2 worms
  3 dart slugs
  12 orcs
  5 endoplasms
  3 giant cockroaches
  10 goblins
  6 hobgoblins
  2 jackals (D:3)
  3 quokkas
  6 ball pythons
  4 bats
  3 frilled lizards (D:1)
  13 kobolds
  5 rats
103 creatures vanquished.

Vanquished Creatures (collateral kills)
  A scorpion (D:4)
1 creature vanquished.

Vanquished Creatures (others)
  A hound (D:4)
  A fungus (D:4)
  4 plants
  9 withered plants (D:1)
15 creatures vanquished.

Grand Total: 119 creatures vanquished

Notes
Turn   | Place    | Note
-------+----------+-------------------------------------------
     0 | D:1      | kingofthe the Gnoll Chaos Knight began the quest for the
                  | Orb.
     0 | D:1      | Reached XP level 1. HP: 23/23 MP: 1/1
   150 | D:1      | Reached XP level 2. HP: 29/29 MP: 2/2
   311 | D:1      | Found a faded altar of an unknown god.
   377 | D:1      | Reached XP level 3. HP: 35/35 MP: 3/3
   595 | D:1      | XOM: silly message
   652 | D:2      | Reached skill level 1 in Invocations
   665 | D:2      | Reached skill level 1 in Short Blades
   665 | D:2      | Reached skill level 1 in Long Blades
   665 | D:2      | Reached skill level 1 in Maces & Flails
   665 | D:2      | Reached skill level 1 in Polearms
   665 | D:2      | Reached skill level 1 in Staves
   665 | D:2      | Reached skill level 1 in Ranged Weapons
   665 | D:2      | Reached skill level 1 in Throwing
   665 | D:2      | Reached skill level 1 in Stealth
   665 | D:2      | Reached skill level 1 in Shields
   665 | D:2      | Reached skill level 1 in Unarmed Combat
   665 | D:2      | Reached skill level 1 in Spellcasting
   665 | D:2      | Reached skill level 1 in Evocations
   669 | D:2      | Reached XP level 4. HP: 41/41 MP: 5/5
   782 | D:2      | XOM: silly message
   806 | D:2      | Found a hide-covered altar of Uskayaw.
  1026 | D:2      | Reached skill level 1 in Conjurations
  1026 | D:2      | Reached skill level 1 in Hexes
  1026 | D:2      | Reached skill level 1 in Summonings
  1026 | D:2      | Reached skill level 1 in Necromancy
  1026 | D:2      | Reached skill level 1 in Translocations
  1026 | D:2      | Reached skill level 1 in Transmutations
  1026 | D:2      | Reached skill level 1 in Fire Magic
  1026 | D:2      | Reached skill level 1 in Ice Magic
  1026 | D:2      | Reached skill level 1 in Air Magic
  1026 | D:2      | Reached skill level 1 in Earth Magic
  1026 | D:2      | Reached skill level 1 in Poison Magic
  1030 | D:2      | XOM: potion effect (heal wounds)
  1036 | D:2      | XOM: silly message
  1049 | D:2      | Reached XP level 5. HP: 26/47 MP: 5/7
  1351 | D:3      | XOM: divination: detect creatures
  1630 | D:3      | XOM: noise
  1860 | D:3      | Reached XP level 6. HP: 53/53 MP: 8/8
  1922 | D:3      | XOM: god gift: 39 gold pieces
  1949 | D:3      | Found a blossoming altar of Fedhas.
  2005 | D:3      | Reached skill level 5 in Armour
  2010 | D:3      | Found Fylami's Antique Armour Shop.
  2338 | D:3      | XOM: scenery: create altars
  2428 | D:3      | XOM: scenery: create altars
  2502 | D:4      | XOM: silly message
  2526 | D:4      | Noticed Eustachio
  2707 | D:3      | XOM: silly message
  2782 | D:4      | XOM: potion effect (invisibility)
  2785 | D:4      | XOM: silly message
  2804 | D:4      | Reached XP level 7. HP: 57/60 MP: 10/10
  2874 | D:4      | XOM: divination: detect creatures
  2884 | D:4      | XOM: divination: detect creatures
  2912 | D:4      | XOM: 3-stop teleportation journey
  2915 | D:4      | XOM: 2-stop teleportation journey
  2923 | D:4      | XOM: give mutations
  2923 | D:4      | Gained mutation: You occasionally lose the ability to read
                  | scrolls when taking damage. [Xom's mischief]
  2923 | D:4      | Gained mutation: You are clumsy. (Dex -2) [Xom's mischief]
  2930 | D:4      | Killed Eustachio
  3114 | D:4      | XOM: polymorph scorpion -> jelly
  3297 | D:4      | XOM: confuse monster(s)
  3319 | D:4      | XOM: fake destruction
  3351 | D:4      | XOM: cloud trail
  3448 | D:4      | Found the +11 Singing Sword {sonic wave}
  3482 | D:4      | Killed by an exploding scorpion... ignited by their inner
                  | flame

Illustrated notes

Levels and vault maps discovered:
D:1:      tarquinn_simple_flora_water_a, layout_basic,
          shapermc_ecumenical_altar_flowoftime
D:2:      layout_rooms, basic_altar
D:3:      layout_loops_corners, old_standard_altar, serial_shops, shop,
          minivault_26, serial_bayou_pond_a
D:4:      old_forge, layout_cave_pools, uniq_eustachio

Skill      XL: |  1  2  3  4  5  6  7 |
---------------+----------------------+-----
Invocations    | 1 2 3 |  3.1
Short Blades   | 1 2 |  2.8
Long Blades    | 1 2 |  2.8
Maces & Flails | 1 2 |  2.8
Polearms       | 1 2 |  2.8
Staves         | 1 2 |  2.8
Ranged Weapons | 1 2 |  2.8
Throwing       | 1 2 |  2.8
Stealth        | 1 2 |  2.8
Shields        | 1 2 |  2.8
Unarmed Combat | 1 2 |  2.8
Spellcasting   | 1 2 |  2.8
Evocations     | 1 2 |  2.8
Conjurations   | 1 2 |  2.3
Hexes          | 1 2 |  2.3
Summonings     | 1 2 |  2.3
Necromancy     | 1 2 |  2.3
Translocations | 1 2 |  2.3
Transmutations | 1 2 |  2.3
Fire Magic     | 1 2 |  2.3
Ice Magic      | 1 2 |  2.3
Air Magic      | 1 2 |  2.3
Earth Magic    | 1 2 |  2.3
Poison Magic   | 1 2 |  2.3
Dodging        | 3 |  3.9
Armour         | 5 |  5.4
Fighting       | 7 |  7.2
Axes           | 7 |  7.2

Action                     |  1- 3 |  4- 6 |  7- 9 || total
---------------------------+-------+-------+-------++-------
  Melee: Hand axe          |   100 |   193 |    59 ||   352
         Bite              |     9 |    20 |     7 ||    36
         Punch             |       |     1 |       ||     1
   Fire: Sling             |       |    20 |    27 ||    47
  Evoke: Piece from Xom's  |       |     3 |     7 ||    10
    Use: Potion            |       |     1 |     1 ||     2
         Scroll            |       |       |     3 ||     3
   Stab: Invisible         |       |     5 |     2 ||     7
         Petrified         |       |     2 |       ||     2
         Sleeping          |       |     1 |       ||     1
 Armour: Leather armour    |    24 |       |    23 ||    47
         Ring mail         |    10 |    67 |     8 ||    85
  Dodge: Dodged            |    44 |   112 |    47 ||   203
  Block: Buckler           |       |    44 |    19 ||    63

Table legend: (Time is in decaauts)
 A = Elapsed time spent in this place.
 B = Non-inter-level travel time spent in this place.
 C = Inter-level travel time spent in this place.
 D = Time resting spent in this place.
 E = Time spent auto-exploring this place.
 F = Levels seen in this place.
 G = Mean time per level.
                   A        B        C        D        E       F      G
               +--------+--------+--------+--------+--------+-----+--------+
         Total |   3483 |   3403 |     80 |    520 |   1994 |   4 |  870.8 |
       Dungeon |   3483 |   3403 |     80 |    520 |   1994 |   4 |  870.8 |
               +--------+--------+--------+--------+--------+-----+--------+

Top non-repeatable levels by time:
     D:3: 1371 daAuts
     D:4: 813 daAuts
     D:2: 690 daAuts
     D:1: 608 daAuts
